 Dungeon Crawl Stone Soup version 0.30-a0-782-ge64f9170bb (webtiles) character file.

Game seed: 13957457980622799200

3271 funkygono the Cleaver (level 9, -2/79 HPs)
             Began as a Minotaur Fighter on Mar 15, 2023.
             Was a Believer of Okawaru.
             Slain by an acid dragon (9 damage)
             ... on level 8 of the Dungeon.
             The game lasted 00:08:54 (6097 turns).

funkygono the Cleaver (Minotaur Fighter)            Turns: 6097, Time: 00:08:55

Health: -2/79      AC: 13    Str: 26    XL:     9   Next: 68%
Magic:  8/8        EV:  7    Int:  5    God:    Okawaru [**....]
Gold:   518        SH:  5    Dex:  9    Spells: 8/8 levels left

rFire   . . .      SeeInvis .    a - +0 war axe (heavy)
rCold   . . .      Faith    .    c - +0 buckler
rNeg    . . .      Spirit   .    w - +0 plate armour
rPois   .          Reflect  .    (helmet restricted)
rElec   .          Harm     .    (no cloak)
rCorr   .          Rampage  .    (no gloves)
Will    .....                    e - +2 pair of boots Stlth
                                 (no amulet)
HPRegen 0.33/turn                (no ring)
MPRegen 0.11/turn                (no ring)

@: corroded
A: horns 2, retaliatory headbutt
a: Renounce Religion, Heroism


You were on level 8 of the Dungeon.
You worshipped Okawaru.
Okawaru was pleased with you.
You visited 1 branch of the dungeon, and saw 8 of its levels.

You collected 518 gold pieces.

Inventory:

Hand Weapons
 a - a +0 heavy war axe (weapon)
Missiles
 m - 6 poisoned darts (quivered)
 B - 12 boomerangs
 D - 10 javelins
Armour
 c - a +0 buckler (worn)
 e - a +2 pair of boots (worn)
 h - a +0 chain mail
 w - a +0 plate armour (worn)
Wands
 k - a wand of paralysis (3)
 z - a wand of flame (36)
 C - a wand of roots (3)
Scrolls
 g - 4 scrolls of teleportation
 i - 3 scrolls of vulnerability
 p - a scroll of identify
 s - a scroll of blinking
Potions
 b - 2 potions of flight
 d - a potion of might
 f - 4 potions of curing
 j - 2 potions of lignification
 l - 2 potions of heal wounds
 n - 2 potions of haste
 o - a potion of berserk rage {unknown}
 r - 2 potions of resistance {unknown}
 t - 2 potions of mutation {unknown}
 u - a potion of degeneration {unknown}
 v - a potion of magic {unknown}
 x - 2 potions of attraction {unknown}


   Skills:
 + Level 7.5 Fighting
 + Level 11.6 Axes
 + Level 8.8 Armour
 + Level 2.2 Dodging
 + Level 0.1 Stealth
 + Level 6.1 Shields


You had 8 spell levels left.
You didn't know any spells.
Your spell library contained the following spells:

 Spells                   Type           Power      Damage    Failure   Level
 Sandblast                Erth           0%         2d4       100%        1
 Slow                     Hex            0%         N/A       100%        1
 Passwall                 Tmut/Erth      0%         N/A       100%        2
 Confusing Touch          Hex            0%         N/A       100%        3
 Frozen Ramparts          Ice            0%         1d1       100%        3
 Ignite Poison            Fire/Tmut/Pois 0%         N/A       100%        3
 Stone Arrow              Conj/Erth      0%         3d7       100%        3
 Vampiric Draining        Necr           0%         2d6       100%        3
 Ice Form                 Ice/Tmut       0%         N/A       100%        4
 Sticky Flame             Conj/Fire      0%         2d3       100%        4
 Ignition                 Fire           0%         3d3       100%        8
 Summon Ice Beast         Ice/Summ       Unusable   N/A       N/A         4

Dungeon Overview and Level Annotations

Branches:
Dungeon (8/15)             Temple (0/1) D:7            Lair (0/5) D:8

Altars:
Gozag
Kikubaaqudgha
Makhleb
Nemelex Xobeh
Okawaru
Sif Muna
Uskayaw
Xom

Shops:
D:2 [

Annotations:
D:4 1 runed translucent door, Flippered's ghost, amateur MiHu
D:5 1 runed translucent door, vineage's ghost, novice GrFi


Innate Abilities, Weirdness & Mutations

You have a pair of horns on your head.
You reflexively headbutt those who attack you in melee.


Message History

The acid dragon spits acid at you. The splash of acid misses you.
You hear a shout!
You barely miss the acid dragon. You headbutt the acid dragon.
The acid dragon is severely wounded.
You block the acid dragon's attack. The acid dragon barely misses you.
You hit the acid dragon.
The acid dragon is almost dead.
The acid dragon spits acid at you.
The splash of acid hits you but does no damage.
The acid corrodes you! The acid dragon bites you!
The acid dragon claws you but does no damage.
You hear a shout!
You barely miss the acid dragon. Your headbutt misses the acid dragon.
The acid dragon is almost dead.
The acid dragon spits acid at you. The splash of acid hits you!!
You hit the acid dragon.
The acid dragon is almost dead.
The acid dragon bites you but does no damage.
The acid dragon completely misses you.
You hit the acid dragon but do no damage.
Your headbutt misses the acid dragon.
The acid dragon is almost dead.
The acid dragon spits acid at you. The splash of acid hits you!!
* * * LOW HITPOINT WARNING * * *
The acid dragon bites you but does no damage.
The acid dragon claws you.
* * * LOW HITPOINT WARNING * * *
You hear a shout! x2
You barely miss the acid dragon.
The acid dragon is almost dead.
The acid dragon bites you.
* * * LOW HITPOINT WARNING * * *
The acid dragon claws you but does no damage.
You completely miss the acid dragon. Your headbutt misses the acid dragon.
The acid dragon is almost dead.
The acid dragon bites you!
You die...

#.# #.# #.#
#.# ......
#.# .....#
#.# .....##
#.# ......#
#.# ......#
#@# ......#
#D###.......
#K).DK......
#####.......
?.....#
......#
.......
##.....
.....


You could see an acid dragon (catching breath) and a kobold.

Vanquished Creatures
  Sigmund (D:2)
  A wyvern (D:7)
  3 steam dragons
  An acid dragon (D:8)
  2 water moccasins
  3 orc warriors
  A sky beast (D:8)
  3 ice beasts
  A black bear (D:7)
  2 centaurs
  A phantom (D:5)
  2 bullfrogs (D:8)
  A necrophage (D:5)
  2 scorpions
  4 howler monkeys
  2 hounds
  5 orc priests
  2 jellies (D:6)
  An iguana (D:5)
  7 orc wizards
  Ijyb (D:5)
  11 gnolls
  10 adders
  3 shadow imps
  3 dart slugs
  30 orcs
  3 bats (D:3)
  4 endoplasms
  5 giant cockroaches
  5 goblins
  7 hobgoblins
  3 quokkas
  4 ball pythons
  A frilled lizard (D:1)
  5 kobolds
  6 rats
146 creatures vanquished.

Vanquished Creatures (others)
  2 sky beasts (D:8)
  6 plants (D:5)
8 creatures vanquished.

Grand Total: 154 creatures vanquished

Notes
Turn   | Place    | Note
-------+----------+-------------------------------------------
     0 | D:1      | funkygono the Minotaur Fighter began the quest for the Orb.
     0 | D:1      | Reached XP level 1. HP: 19/19 MP: 0/0
   212 | D:1      | Reached XP level 2. HP: 27/27 MP: 1/1
   555 | D:2      | Reached XP level 3. HP: 33/33 MP: 2/2
   560 | D:2      | Found Nenan's Antique Armour Boutique.
   725 | D:2      | Noticed Sigmund
   736 | D:2      | Killed Sigmund
   737 | D:2      | Reached skill level 4 in Axes
   737 | D:2      | Reached XP level 4. HP: 17/41 MP: 3/3
   737 | D:2      | Reached XP level 5. HP: 19/47 MP: 4/4
  1141 | D:3      | Reached skill level 5 in Axes
  1197 | D:3      | Found a hide-covered altar of Uskayaw.
  1231 | D:3      | Noticed a +0 dagger
  1232 | D:3      | Noticed a +0 hand axe
  1313 | D:3      | Reached XP level 6. HP: 53/53 MP: 5/5
  1737 | D:4      | Reached skill level 5 in Armour
  1739 | D:4      | Reached skill level 1 in Dodging
  1860 | D:4      | Found an opulent altar of Gozag.
  2055 | D:4      | Found a runed translucent door.
  2056 | D:4      | Noticed Flippered's ghost (amateur MiHu)
  2186 | D:4      | Reached skill level 6 in Axes
  2204 | D:4      | Reached skill level 5 in Fighting
  2370 | D:5      | Entered Level 5 of the Dungeon
  2483 | D:5      | Reached XP level 7. HP: 57/61 MP: 6/6
  2486 | D:5      | Reached skill level 5 in Shields
  2696 | D:5      | Reached skill level 7 in Axes
  2834 | D:5      | Noticed Ijyb
  2840 | D:5      | Reached skill level 8 in Axes
  2851 | D:5      | Killed Ijyb
  3131 | D:5      | Found a sparkling altar of Nemelex Xobeh.
  3187 | D:5      | Found an ancient bone altar of Kikubaaqudgha.
  3193 | D:5      | Found a shimmering altar of Xom.
  3406 | D:5      | Found a runed translucent door.
  3412 | D:5      | Noticed vineage's ghost (novice GrFi)
  3435 | D:5      | Reached XP level 8. HP: 57/69 MP: 7/7
  4098 | D:6      | Reached skill level 9 in Axes
  4221 | D:6      | Found an iron altar of Okawaru.
  4261 | D:6      | Became a worshipper of Warmaster Okawaru
  4300 | D:6      | Identified the +2 robe of Indomitability {SInv}
  4414 | D:6      | Reached skill level 10 in Axes
  4632 | D:6      | Found a shimmering blue altar of Sif Muna.
  4736 | D:7      | Found a burning altar of Makhleb.
  4749 | D:7      | Reached * piety under Okawaru
  4766 | D:7      | Found a staircase to the Ecumenical Temple.
  4774 | D:7      | Reached XP level 9. HP: 61/75 MP: 8/8
  5293 | D:8      | Reached skill level 11 in Axes
  5499 | D:8      | Found a staircase to the Lair.
  5506 | D:8      | Reached ** piety under Okawaru
  6097 | D:8      | Slain by an acid dragon

Illustrated notes

Levels and vault maps discovered:
D:1:      dpeg_arrival_water_temple_mockup, layout_rooms
D:2:      layout_basic, serial_shops, shop, uniq_sigmund
D:3:      layout_basic, dancing_weapons_uskayaw
D:4:      layout_loops_ring, grunt_gozag_breadcrumbs, ebering_ghost_sewer_d
D:5:      layout_layer_cave, mainiacjoe_overflow_boulevard, minitemple,
          ebering_ghost_reflecting_pool, uniq_ijyb
D:6:      layout_basic, okawaru_altar_gauntlet_db, lemuel_crystal_altar
D:7:      layout_rooms, makhleb_heckhound_becter, minmay_temple_entry_junction_2
D:8:      layout_basic, lair_entry_dummy, hangedman_abyss_or_decor_stagger,
          hangedman_misty_isle

Skill      XL: |  1  2  3  4  5  6  7  8  9 |
---------------+----------------------------+-----
Shields        | 4 5 6 |  6.1
Fighting       | 4 5 6 7 |  7.5
Armour         | 4 5 6 7 8 |  8.8
Axes           | 4 5 6 8 10 11 | 11.6
Dodging        | 1 2 |  2.2
Stealth        | |  0.1

Action                     |  1- 3 |  4- 6 |  7- 9 || total
---------------------------+-------+-------+-------++-------
  Melee: War axe           |    62 |    92 |   209 ||   363
         Headbutt          |     3 |    13 |    30 ||    46
    Use: Scroll            |       |       |    17 ||    17
 Armour: Scale mail        |    17 |       |       ||    17
         Chain mail        |    17 |    57 |    95 ||   169
         Plate armour      |       |       |    53 ||    53
  Dodge: Dodged            |    30 |    38 |    92 ||   160
  Block: Buckler           |    12 |    22 |    49 ||    83

Table legend: (Time is in decaauts)
 A = Elapsed time spent in this place.
 B = Non-inter-level travel time spent in this place.
 C = Inter-level travel time spent in this place.
 D = Time resting spent in this place.
 E = Time spent auto-exploring this place.
 F = Levels seen in this place.
 G = Mean time per level.
                   A        B        C        D        E       F      G
               +--------+--------+--------+--------+--------+-----+--------+
         Total |   6189 |   5991 |    198 |    380 |   4402 |   8 |  773.6 |
       Dungeon |   6189 |   5991 |    198 |    380 |   4402 |   8 |  773.6 |
               +--------+--------+--------+--------+--------+-----+--------+

Top non-repeatable levels by time:
     D:5: 1537 daAuts
     D:4: 926 daAuts
     D:8: 771 daAuts
     D:7: 699 daAuts
     D:6: 672 daAuts
     D:2: 596 daAuts
     D:3: 534 daAuts
     D:1: 451 daAuts
